 Dungeon Crawl Stone Soup version 0.25-a0-253-g6f1b5d974a (webtiles) character file.

Game seed: 1487455247778448690, levelgen mode: classic

85 Borgoz the Skirmisher (level 4, -2/29 HPs)
             Began as a Gargoyle Fighter on Dec 6, 2019.
             Slain by a gnoll
             ... wielding a +0 club
              (7 damage)
             ... on level 2 of the Dungeon.
             The game lasted 00:02:15 (1644 turns).

Borgoz the Skirmisher (Gargoyle Fighter)            Turns: 1644, Time: 00:02:16

Health: -2/29      AC: 10    Str: 26    XL:     4   Next: 48%
Magic:  4/4        EV:  8    Int:  8    God:
Gold:   39         SH:  9    Dex:  9    Spells: 3/3 levels left

rFire    . . .     SeeInvis .   a - +0 long sword
rCold    . . .     Gourm    .   c - +0 shield
rNeg     + . .     Faith    .   b - +0 scale mail
rPois    ∞         Spirit   .   (no helmet)
rElec    +         Reflect  .   (no cloak)
rCorr    .         Harm     .   (no gloves)
MR       .....                  (no boots)
Stlth    ..........             (no amulet)
HPRegen  0.09/turn              (no ring)
MPRegen  0.09/turn              (no ring)

@: mighty
A: negative energy resistance 1, electricity resistance, unbreathing,
petrification resistance, rot immunity, AC +3
a: no special abilities


You were on level 2 of the Dungeon.
You were not hungry.

You visited 1 branch of the dungeon, and saw 2 of its levels.

You collected 39 gold pieces.

Inventory:

Hand Weapons
 a - a +0 long sword (weapon)
Armour
 b - a +0 scale mail (worn)
 c - a +0 shield (worn)
Scrolls
 e - 2 scrolls of amnesia {unknown}
 h - a scroll of enchant weapon {unknown}
 i - a scroll of enchant armour {unknown}
 k - a scroll of immolation {unknown}
 l - a scroll of identify {unknown}
 n - a scroll of remove curse {unknown}
Potions
 g - a potion of curing {unknown}
 j - a potion of cancellation {unknown}
 o - a potion of heal wounds {unknown}
 p - a potion of mutation {unknown}
Comestibles
 f - 4 rations
 m - a chunk of flesh


   Skills:
 + Level 3.9 Fighting
 * Level 2.9 Long Blades
 + Level 3.9 Armour
 + Level 1.1 Dodging
 - Level 3.2 Shields


You had 3 spell levels left.
You didn't know any spells.
Your spell library was empty.

Dungeon Overview and Level Annotations

Branches:
Dungeon (2/15)

Altars:


Innate Abilities, Weirdness & Mutations

You are resistant to torment.
Your stone body is resilient. (AC +3)
You are immune to poison.
You resist negative energy. (rN+)
You are resistant to electric shocks. (rElec)
You can survive without breathing.
You are immune to petrification.
You are immune to rotting.


Message History

Your shield and scale mail prevent you from hitting the gnoll.
The gnoll is lightly wounded.
You block the gnoll's attack. The gnoll hits you but does no damage.
Your scale mail prevents you from hitting the gnoll.
The gnoll is lightly wounded.
The gnoll barely misses you. You block the gnoll's attack.
The gnoll barely misses you.
You riposte.
You barely miss the gnoll.
The gnoll is lightly wounded.
The gnoll hits you from afar with a +0 halberd!
* * * LOW HITPOINT WARNING * * *
You feel very mighty all of a sudden. The gnoll barely misses you.
You riposte.
You hit the gnoll.
The gnoll is severely wounded.
You slash the gnoll!
You kill the gnoll!
The gnoll barely misses you.
You slash the gnoll!
The gnoll is almost dead.
You block the gnoll's attack. The gnoll hits you with a +0 club!
You die...

#.#.# ### #.....
..#...# ##....
#.#...#### #...#
#.#......# #####
#.######.# # #.#
##.###### # +.#
#.......#
#.#####..####..#
##gg@.....#
#.g##.#####
#...##.#
#....##.#
#..#.###.#
+...#.###.###
...# #.#.....#
... ..#.....# ##
###.....#


You could see 3 gnolls.

Vanquished Creatures
  An adder (D:2)
  A gnoll (D:2)
  3 oozes (D:1)
  2 worms (D:2)
  2 leopard geckos (D:2)
  2 ball pythons
  7 bats
  2 giant cockroaches
  3 goblins (D:1)
  4 hobgoblins (D:1)
  4 jackals (D:1)
  3 frilled lizards
  5 kobolds
  8 rats
47 creatures vanquished.

Notes
Turn   | Place    | Note
-------+----------+-------------------------------------------
     0 | D:1      | Borgoz the Gargoyle Fighter began the quest for the Orb.
     0 | D:1      | Reached XP level 1. HP: 14/14 MP: 1/1
   115 | D:1      | Reached XP level 2. HP: 13/19 MP: 2/2
   532 | D:1      | Reached XP level 3. HP: 23/23 MP: 3/3
  1223 | D:2      | Reached skill level 1 in Dodging
  1223 | D:2      | Reached XP level 4. HP: 24/29 MP: 4/4
  1644 | D:2      | Slain by a gnoll

Levels and vault maps discovered:
D:1:      elethiomel_arrival_shortcut, layout_loops_ring, serial_forest,
          infiniplex_forest_corner_2, infiniplex_forest_end_2,
          infiniplex_forest_clump_double, infiniplex_forest_lined_2,
          infiniplex_forest_3_way, infiniplex_forest_zigzag_1,
          infiniplex_forest_end_2, infiniplex_forest_diagonal,
          infiniplex_forest_straight_1
D:2:      layout_loops_cross, zin_academy, grunt_decor_arrowhead,
          eino_tiny_chamber

Skill      XL: |  1  2  3 |
---------------+----------+-----
Long Blades    | 2 |  2.9
Dodging        | 1 |  1.1
Fighting       | |  3.9
Armour         | |  3.9
Shields        | |  3.2

Action                   |  1- 3 |  4- 6 || total
-------------------------+-------+-------++-------
Melee: Long sword        |   127 |    46 ||   173
  Use: Potion            |       |     1 ||     1
  Eat: Chunk             |     1 |     2 ||     3
Armor: Scale mail        |    80 |    23 ||   103
Dodge: Dodged            |    40 |    19 ||    59
Block: Shield            |    71 |    32 ||   103
       Rpst.: Long sword |    13 |     7 ||    20

Table legend:
 A = Non-vault XP
 B = Vault XP
 C = Vault XP percentage of total XP
 D = Non-vault monster count
 E = Vault monster count
 F = Vault count percentage of total count
                 A         B        C        D         E       F
            +---------+---------+-------+---------+---------+-------
      Total |     122 |       0 |   0.0 |      47 |       0 |   0.0
            +---------+---------+-------+---------+---------+-------
        D:1 |      65 |       0 |   0.0 |      30 |       0 |   0.0
        D:2 |      57 |       0 |   0.0 |      17 |       0 |   0.0
            +---------+---------+-------+---------+---------+-------
